 Dungeon Crawl Stone Soup version 0.30.1-3-gfc49f6343a (webtiles) character file.

Game seed: 7417222962083101925

28676 Cheops the Brawler (level 13, -1/131 HPs)
             Began as a Troll Fighter on July 27, 2023.
             Was an Elder of Wu Jian.
             Slain by an eight-headed hydra (8 damage)
             ... on level 2 of the Lair of Beasts.
             The game lasted 00:52:59 (11777 turns).

Cheops the Brawler (Troll Fighter)                 Turns: 11777, Time: 00:53:00

Health: -1/131     AC:  9    Str: 31    XL:     13   Next: 11%
Magic:  12/12      EV:  9    Int: 10    God:    Wu Jian [****..]
Gold:   101        SH: 15    Dex:  9    Spells: 12/12 levels left

rFire   . . .        b - +3 dagger of the Fabulous God {heavy, Str+4 Int+2 SInv}
rCold   . . .        c - +5 kite shield
rNeg    . . .        E - +1 troll leather armour
rPois   .            (helmet restricted)
rElec   .            D - +1 cloak
rCorr   .            (gloves unavailable)
SInv    +            (boots unavailable)
Will    .....        F - amulet of regeneration
Stlth   +            (no ring)
HPRegen 2.81/turn    (no ring)
MPRegen 0.13/turn

%: no passive effects
@: serpent's lash
A: large, unfitting armour, claws 3, regeneration 1, shaggy fur 1, tough skin 1
a: Renounce Religion, Wall Jump, Serpent's Lash


You were on level 2 of the Lair of Beasts.
You worshipped Wu Jian.
Wu Jian was greatly pleased with you.
You visited 3 branches of the dungeon, and saw 17 of its levels.
You also visited: Ossuary.

You collected 890 gold pieces.
You spent 789 gold pieces at shops.

Inventory:

Hand Weapons
 b - the +3 dagger of the Fabulous God (weapon) {heavy, Str+4 Int+2 SInv}
   (You found it on level 4 of the Dungeon)

   Str:       It affects your strength (+4).
   Int:       It affects your intelligence (+2).
   SInv:      It lets you see invisible.
Missiles
 I - a throwing net (quivered)
Armour
 a - +0 acid dragon scales
 c - a +5 kite shield (worn)
 q - the +1 robe "Ehuizo" {rPois rC+ rN+ Dex-3}
   (You found it on level 4 of the Dungeon)

   Dex:       It affects your dexterity (-3).
   rC:        It protects you from cold.
   rPois:     It protects you from poison.
   rN:        It protects you from negative energy.
 y - a +0 robe of willpower
 B - +0 steam dragon scales
 D - a +1 cloak (worn)
 E - a +1 troll leather armour (worn)
Jewellery
 F - an amulet of regeneration (around neck)
Wands
 i - a wand of flame (19)
 p - a wand of roots (18)
 s - a wand of mindburst (8)
 G - a wand of charming (5)
Scrolls
 e - a scroll of enchant weapon
 f - 3 scrolls of teleportation
 g - 4 scrolls of poison
 k - 3 scrolls of immolation
 l - 5 scrolls of fear
 n - a scroll of acquirement
 u - 3 scrolls of amnesia
 v - 4 scrolls of fog
 w - a scroll of butterflies
 H - 2 scrolls of magic mapping
 K - a scroll of silence
Potions
 d - 8 potions of heal wounds
 h - 4 potions of curing
 j - 2 potions of magic
 m - 6 potions of ambrosia
 o - 2 potions of mutation
 r - a potion of resistance
 t - 2 potions of brilliance
 x - 2 potions of attraction
 z - a potion of might
 A - 2 potions of lignification
 C - 3 potions of flight
 J - a potion of berserk rage


   Skills:
 + Level 9.5 Fighting
 - Level 2.4 Dodging
 + Level 10.4 Shields
 * Level 16.4 Unarmed Combat


You had 12 spell levels left.
You didn't know any spells.
Your spell library contained the following spells:

 Spells                   Type           Power      Damage    Failure   Level
 Magic Dart               Conj           0%         1d3       54%         1
 Necrotise                Necr           0%         1d4       54%         1
 Sandblast                Erth           0%         2d4       54%         1
 Blink                    Tloc           0%         N/A       69%         2
 Call Imp                 Summ           0%         N/A       69%         2
 Ensorcelled Hibernation  Hex/Ice        0%         N/A       69%         2
 Lesser Beckoning         Tloc           0%         N/A       69%         2
 Momentum Strike          Conj/Tloc      0%         3d8       69%         2
 Passwall                 Tmut/Erth      0%         N/A       69%         2
 Mephitic Cloud           Conj/Pois/Air  0%         N/A       89%         3
 Spider Form              Tmut/Pois      0%         N/A       89%         3
 Stone Arrow              Conj/Erth      0%         3d7       89%         3
 Vampiric Draining        Necr           0%         2d6       89%         3
 Vhi's Electric Charge    Tloc/Air       0%         N/A       89%         3
 Anguish                  Hex/Necr       0%         N/A       100%        4
 Agony                    Necr           0%         N/A       100%        5
 Arcjolt                  Conj/Air       0%         1d10      100%        5
 Plasma Beam              Fire/Air       0%         2x1d11    100%        6


Dungeon Overview and Level Annotations

Branches:
Dungeon (14/15)            Temple (1/1) D:7            Lair (2/5) D:9
    Orc (0/2) D:9         Ossuary (visited)
  Swamp: Lair:2-3    Shoals: Lair:2-3     Snake: Lair:2-3    Spider: Lair:2-3
 Vaults: D:13-14

Altars:
Ashenzari
Cheibriados
Dithmenos
Elyvilon
Fedhas
Gozag
Hepliaklqana
Kikubaaqudgha
Makhleb
Nemelex Xobeh
Okawaru
Qazlal
Ru
Sif Muna
Trog
Uskayaw
Vehumet
Wu Jian
Xom
Yredelemnul
Zin
The Shining One
Lugonu

Shops:
D:2 =   D:5 **   D:11 ?

Portals:
Abyss: D:11

Annotations:
D:7 2 transporters, wanderguy's ghost, novice AtMo


Innate Abilities, Weirdness & Mutations

You are too large for most types of armour.
You have claws for hands.
Your natural rate of healing is unusually fast.
You are covered in fur. (AC +1)
You have tough skin. (AC +1)


Message History

You block the eight-headed hydra's attack. x2
The eight-headed hydra bites you.
The eight-headed hydra closely misses you.
You block the eight-headed hydra's attack.
The eight-headed hydra bites you! x2; The eight-headed hydra bites you.
* * * LOW HITPOINT WARNING * * *
The eight-headed hydra bites you!
* * * LOW HITPOINT WARNING * * *
The eight-headed hydra bites you!
* * * LOW HITPOINT WARNING * * *
The eight-headed hydra bites you but does no damage. x2
You block the eight-headed hydra's attack.
The eight-headed hydra bites you but does no damage.
The eight-headed hydra bites you!
* * * LOW HITPOINT WARNING * * *
You puncture the eight-headed hydra!
The eight-headed hydra is moderately wounded.
You block the eight-headed hydra's attack.
The eight-headed hydra bites you!
* * * LOW HITPOINT WARNING * * *
You block the eight-headed hydra's attack.
The eight-headed hydra bites you but does no damage. x2
The eight-headed hydra bites you!
* * * LOW HITPOINT WARNING * * *
The eight-headed hydra completely misses you.
The eight-headed hydra bites you.
* * * LOW HITPOINT WARNING * * *
You hit the eight-headed hydra.
The eight-headed hydra is moderately wounded.
The eight-headed hydra bites you!
* * * LOW HITPOINT WARNING * * *
The eight-headed hydra bites you but does no damage.
You block the eight-headed hydra's attack.
The eight-headed hydra bites you.
* * * LOW HITPOINT WARNING * * *
The eight-headed hydra bites you but does no damage.
The eight-headed hydra bites you!
* * * LOW HITPOINT WARNING * * *
The eight-headed hydra bites you!
You die...

##.†..#..... #. ..
#[††..#..............
...
...+..<.⌠...............
.....
.........#..............
..... ##.##.⌠.##
............. .....
..##.##.## #..........
.... .# ##....#
#......... .
#....#######.D.......
....#...#..##...@.......
.#.##...................
# #........###.#.......
#.P......'....#.....$
###...#..P....#...(..
#.†.#.......#......
#...#.......# .....
#...#.......# .....
#...#.......# ....


You could see an eight-headed hydra.

Vanquished Creatures
  A two-headed ogre (D:12)
  3 death yaks (D:9)
  A tengu warrior (D:13)
  2 boulder beetles
  Urug (D:10)
  Nergalle (D:11)
  Amaemon (D:8)
  5 skeletal warriors (D:11)
  Pikel (D:7)
  A deep elf pyromancer (D:12)
  An ugly thing (D:12)
  4 cyclopes
  Maggie (D:7)
  6 cane toads
  5 gargoyles (D:7)
  Psyche (D:8)
  An orange demon (D:8)
  An unseen horror (D:11)
  A komodo dragon (Lair:2)
  7 trolls
  5 blink frogs (Lair:1)
  Grinder (D:4)
  2 wraiths (D:12)
  8 slime creatures
  A shadow (D:10)
  2 wyverns
  10 yaks
  9 vampire mosquitoes
  A steam dragon (D:7)
  2 acid dragons
  5 water moccasins
  3 orc warriors
  2 black bears (D:6)
  An ogre (D:5)
  13 centaurs
  4 lemures (D:7)
  4 kobold brigands
  6 bullfrogs
  A gnoll sergeant (D:9)
  4 scorpions
  12 wights
  3 killer bees (D:8)
  2 electric eels
  8 howler monkeys
  2 jellies (D:8)
  Crazy Yiuf (D:7)
  8 hounds
  5 orc priests
  5 iguanas
  13 orc wizards
  A human simulacrum (D:12)
  13 mummies (Ossuary)
  7 gnolls
  8 adders
  2 shadow imps
  3 white imps
  3 ufetubi
  A worm (D:3)
  A dart slug (D:3)
  30 orcs
  8 endoplasms
  5 giant cockroaches
  7 goblins
  2 hobgoblins
  4 quokkas
  3 ball pythons
  3 bats
  2 frilled lizards (D:1)
  2 gnoll skeletons (Ossuary)
  A goblin skeleton (Ossuary)
  11 kobolds
  3 kobold skeletons (Ossuary)
  2 orc skeletons (Ossuary)
  4 rats
  11 rat skeletons (Ossuary)
  2 lurking horrors (D:11)
327 creatures vanquished.

Vanquished Creatures (others)
  A human simulacrum (D:12)
1 creature vanquished.

Grand Total: 328 creatures vanquished

Notes
Turn   | Place    | Note
-------+----------+-------------------------------------------
     0 | D:1      | Cheops the Troll Fighter began the quest for the Orb.
     0 | D:1      | Reached XP level 1. HP: 22/22 MP: 0/0
   213 | D:1      | Reached XP level 2. HP: 28/29 MP: 1/1
   234 | D:1      | Found a faded altar of an unknown god.
   242 | D:1      | Reached skill level 3 in Unarmed Combat
   694 | D:2      | Found Vuzejar's Jewellery Shoppe.
   998 | D:2      | Reached XP level 3. HP: 31/36 MP: 2/2
  1047 | D:2      | Reached skill level 4 in Unarmed Combat
  1367 | D:2      | Reached XP level 4. HP: 36/44 MP: 3/3
  1954 | D:3      | Reached skill level 5 in Unarmed Combat
  2308 | D:4      | Noticed a scorpion
  2318 | D:3      | Reached XP level 5. HP: 38/50 MP: 4/4
  2448 | D:4      | Noticed Grinder
  2461 | D:4      | Killed Grinder
  2462 | D:4      | Reached skill level 7 in Unarmed Combat
  2462 | D:4      | Reached XP level 6. HP: 56/59 MP: 5/5
  2494 | D:4      | Reached XP level 7. HP: 52/66 MP: 6/6
  2497 | D:4      | Identified the +3 dagger of the Fabulous God {heavy, Str+4
                  | Int+2 SInv}
  2649 | D:4      | Identified the +1 robe "Ehuizo" {rPois rC+ rN+ Dex-3}
  2877 | D:5      | Entered Level 5 of the Dungeon
  3222 | D:5      | Reached skill level 8 in Unarmed Combat
  3320 | D:5      | Found Unij's General Store.
  3321 | D:5      | Found Ahiq's Specific Store.
  3356 | D:5      | Bought a potion of curing for 45 gold pieces
  3356 | D:5      | Bought a potion of resistance for 150 gold pieces
  3769 | D:6      | Reached XP level 8. HP: 69/76 MP: 7/7
  4065 | D:6      | Reached skill level 9 in Unarmed Combat
  4704 | D:7      | Noticed Maggie
  4704 | D:7      | Noticed Pikel
  4712 | D:7      | Killed Maggie
  4713 | D:7      | Reached skill level 5 in Shields
  4726 | D:7      | Found a sand-covered staircase.
  4735 | Ossuary  | Entered an ossuary
  4814 | Ossuary  | Reached XP level 9. HP: 85/85 MP: 8/8
  5084 | D:7      | Killed Pikel
  5085 | D:7      | Reached skill level 5 in Fighting
  5085 | D:7      | Reached skill level 10 in Unarmed Combat
  5222 | D:7      | Found a transporter.
  5225 | D:7      | Noticed wanderguy's ghost (novice AtMo)
  5228 | D:7      | Found a staircase to the Ecumenical Temple.
  5250 | Temple   | Entered the Ecumenical Temple
  5430 | Temple   | Became a worshipper of the Wu Jian Council
  5598 | D:7      | Noticed a gargoyle
  5598 | D:7      | Noticed a gargoyle
  5599 | D:7      | Noticed a gargoyle
  5759 | D:7      | Killed a gargoyle
  5760 | D:7      | Reached skill level 11 in Unarmed Combat
  5796 | D:7      | Killed a gargoyle
  5819 | D:7      | Noticed a gargoyle
  5832 | D:7      | Killed a gargoyle
  5833 | D:7      | Reached XP level 10. HP: 72/98 MP: 9/9
  5860 | D:7      | Noticed a gargoyle
  5863 | D:7      | Killed a gargoyle
  6064 | D:7      | Found a runed translucent door.
  6065 | D:7      | Noticed Crazy Yiuf
  6159 | D:7      | Killed a gargoyle
  6302 | D:7      | Found a transporter.
  6417 | D:7      | Killed Crazy Yiuf
  6597 | D:8      | Reached * piety under Wu Jian
  6659 | D:8      | Reached skill level 12 in Unarmed Combat
  6794 | D:8      | Noticed Amaemon
  6812 | D:8      | Killed Amaemon
  6916 | D:8      | Noticed Psyche
  6960 | D:8      | Killed Psyche
  7031 | D:8      | Noticed an orange demon
  7041 | D:8      | Killed an orange demon
  7419 | D:9      | Reached ** piety under Wu Jian
  7579 | D:9      | Found a staircase to the Orcish Mines.
  7588 | D:9      | Reached skill level 13 in Unarmed Combat
  7592 | D:9      | Noticed a death yak
  7614 | D:9      | Noticed a death yak
  7615 | D:9      | Killed a death yak
  7616 | D:9      | Reached XP level 11. HP: 99/108 MP: 10/10
  7617 | D:9      | Noticed a death yak
  7627 | D:9      | Killed a death yak
  7645 | D:9      | Killed a death yak
  7711 | D:9      | Found a staircase to the Lair.
  8079 | D:10     | Entered Level 10 of the Dungeon
  8299 | D:10     | Found a snail-covered altar of Cheibriados.
  8652 | D:10     | Noticed Urug
  8666 | D:10     | Killed Urug
  8667 | D:10     | Reached skill level 14 in Unarmed Combat
  8875 | D:11     | Noticed Nergalle
  8977 | D:11     | Noticed a skeletal warrior
  8977 | D:11     | Noticed a skeletal warrior
  8977 | D:11     | Noticed a skeletal warrior
  8977 | D:11     | Noticed a skeletal warrior
  8995 | D:11     | Killed a skeletal warrior
  9001 | D:11     | Killed a skeletal warrior
  9008 | D:11     | Killed a skeletal warrior
  9017 | D:11     | Killed a skeletal warrior
  9051 | D:11     | Noticed a skeletal warrior
  9058 | D:11     | Killed a skeletal warrior
  9115 | D:11     | Reached XP level 12. HP: 64/120 MP: 11/11
  9177 | D:11     | Noticed a boulder beetle
  9183 | D:11     | Killed a boulder beetle
  9259 | D:11     | Found Voxekk's Magic Scroll Emporium.
  9293 | D:11     | Reached *** piety under Wu Jian
  9320 | D:11     | Killed Nergalle
  9364 | D:11     | Reached skill level 15 in Unarmed Combat
  9414 | D:11     | Bought a scroll of acquirement for 572 gold pieces
  9516 | D:11     | Found a corrupted altar of Lugonu.
  9665 | D:11     | Found a one-way gate to the infinite horrors of the Abyss.
  9843 | D:11     | You fall into a shaft and drop 3 floors!
  9936 | D:13     | Noticed a tengu warrior
  9942 | D:13     | Killed a tengu warrior
 10040 | D:12     | Noticed a two-headed ogre
 10081 | D:12     | Killed a two-headed ogre
 10086 | D:12     | Reached **** piety under Wu Jian
 10096 | D:12     | Reached skill level 10 in Shields
 10625 | D:12     | Reached skill level 16 in Unarmed Combat
 10909 | D:11     | Bought a scroll of identify for 22 gold pieces
 10970 | Lair:1   | Entered Level 1 of the Lair of Beasts
 11373 | Lair:1   | Reached XP level 13. HP: 131/131 MP: 12/12
 11777 | Lair:2   | Slain by an eight-headed hydra

Illustrated notes

Levels and vault maps discovered:
D:1:      wander_arrival_estate, layout_loops_ring,
          hellmonk_ecumenical_altar_arch_garden, minmay_curled_crystal
D:2:      kennysheep_big_flooded_room, layout_loops_corners, serial_shops, shop,
          minmay_misc_feat_tower, nrook_campfire
D:3:      layout_loops_cross
D:4:      layout_cave_pools, uniq_grinder
D:5:      layout_basic, nicolae_specific_store, hangedman_decor_clover_reticule
D:6:      layout_gridville, solitary_fountain, minmay_unpleasant_kobolds
D:7:      cheibrodos_statue_roulette, layout_basic,
          minmay_temple_entry_overgrown, gammafunk_ghost_stat_death,
          lightli_ossuary_entry_decrepit_ruins, uniq_pikel,
          uniq_crazy_yiuf_cottage, uniq_maggie
D:8:      layout_gridville, uniq_psyche, uniq_amaemon
D:9:      layout_irregular_city, dpeg_lair_monsters, orc_0_dummy,
          lightli_minifort
D:10:     layout_rooms, cheibriados_altar_1, hangedman_decor_peaks_small,
          minmay_gold_behind_fungi, roderic_roman_lattice, uniq_urug
D:11:     layout_grid_maze, serial_shops, nicolae_shop_rolled_up,
          amcnicky_altar_lugonu_corruption, uniq_nergalle
D:12:     layout_rooms, bh_circular_ruins
D:13:     layout_rooms, serial_shops, nicolae_shop_tiny_statue_garden,
          minmay_strange_pillars, nicolae_diode_basic
D:14:     layout_cave_pods, skrybe_vaults_entry_preservation
Temple:   minmay_crystal_snake_temple
Lair:1:   layout_regular_city, infiniplex_staircase_pool_2
Lair:2:   minmay_guarded_unrand_snakebite, layout_chaotic_city,
          nzn_sisyphean_effort, grunt_megastairs_1, serial_bayou_shore_b,
          infiniplex_staircase_pool

Skill      XL: |  1  2  3  4  5  6  7  8  9 10 11 12 |
---------------+-------------------------------------+-----
Unarmed Combat | 3 4 5 7 8 9 11 13 14 16 | 16.4
Shields        | 3 4 5 6 7 9 10 | 10.4
Fighting       | 3 4 5 7 8 9 |  9.5
Dodging        | |  2.4

Action                     |  1- 3 |  4- 6 |  7- 9 | 10-12 | 13-15 || total
---------------------------+-------+-------+-------+-------+-------++-------
  Melee: Unarmed           |   100 |    70 |   287 |   612 |    35 ||  1104
         Dagger            |       |       |       |       |     5 ||     5
 Invoke: Serpent's Lash    |       |       |       |       |     1 ||     1
Ability: Lunge             |       |       |     1 |    44 |     4 ||    49
         Whirlwind         |       |       |       |    13 |       ||    13
  Evoke: Wand              |       |       |       |     3 |       ||     3
    Use: Potion            |       |     2 |       |     5 |       ||     7
         Scroll            |       |       |    15 |    17 |       ||    32
   Stab: Sleeping          |       |     1 |       |       |       ||     1
 Armour: Robe              |    35 |     7 |    65 |    55 |       ||   162
         Troll leather arm |       |       |       |    85 |    14 ||    99
  Dodge: Dodged            |    42 |    20 |    84 |   142 |     5 ||   293
  Block: Kite shield       |    39 |    19 |   125 |   389 |    21 ||   593
